 Dungeon Crawl Stone Soup version 0.26.1-2-gb8aa6d0cf2 (webtiles) character file.

Game seed: 16083514165358980089

77 Pendragon the Slasher (level 4, 0/35 HPs)
             Began as a Demonspawn Chaos Knight on Mar 6, 2021.
             Was a Plaything of Xom.
             Slain by a sky beast (3 damage)
             ... on level 2 of the Dungeon.
             The game lasted 00:14:13 (2162 turns).

Pendragon the Slasher (Demonspawn Chaos Knight)     Turns: 2162, Time: 00:14:15

Health: 0/35       AC:  8    Str: 10 (12) XL:     4   Next: 14%
Magic:  0/4        EV: 10    Int: 11 (13) God:    Xom [..*...]
Gold:   73         SH:  0    Dex: 13 (14) Spells: 3/3 levels left

rFire    + . .     SeeInvis .   a - +0 falchion (chaos)
rCold    . . .     Faith    .   (no shield)
rNeg     . . .     Spirit   +   G - +0 ring mail
rPois    .         Reflect  .   i - +0 helmet
rElec    .         Harm     .   d - +0 cloak
rCorr    .         Rampage  .   (no gloves)
Will     .....                  r - +0 pair of boots
Stlth    +.........             (no amulet)
HPRegen  0.11/turn              (no ring)
MPRegen  0.09/turn              (no ring)

@: no status effects
A: fire resistance 1, magic shield
a: Renounce Religion


You were on level 2 of the Dungeon.
You worshipped Xom.
You were a toy of Xom.
You visited 1 branch of the dungeon, and saw 2 of its levels.

You collected 73 gold pieces.

Inventory:

Hand Weapons
 a - a +0 falchion of chaos (weapon)
 e - a +0 whip
 f - a +0 club
 j - a +0 short sword
 l - a +0 club
 m - a +0 short sword
 o - a +0 dagger
 s - a +0 club
 u - a +0 dagger
 z - a +0 club
 A - a +0 club
 B - a +0 club
 C - a +0 dagger
 D - a +0 hunting sling
 E - a +0 short sword
 K - a +0 club
 L - a +0 club
 M - a +0 club
 N - a +0 dagger
Missiles
 c - 128 stones (quivered)
 p - 60 arrows
 q - 18 sling bullets
 y - 4 boomerangs
Armour
 b - a +2 leather armour
 d - a +0 cloak (worn)
 h - a +0 leather armour
 i - a +0 helmet (worn)
 n - a +0 leather armour
 r - a +0 pair of boots (worn)
 F - a +0 animal skin
 G - a +0 ring mail (worn)
 I - a +0 helmet
Jewellery
 J - an uncursed ring of see invisible
Scrolls
 g - 2 scrolls of remove curse
 k - 4 scrolls of identify {unknown}
 t - a scroll of blinking {unknown}
Potions
 v - a potion of mutation {unknown}
 w - 2 potions of lignification {unknown}
 x - a potion of heal wounds
 H - a potion of might {unknown}


   Skills:
 + Level 3.3 Fighting
 + Level 3.7 Long Blades
 + Level 2.3 Armour
 + Level 1.4 Dodging
 + Level 0.6 Stealth


You had 3 spell levels left.
You didn't know any spells.
Your spell library was empty.

Dungeon Overview and Level Annotations

Branches:
Dungeon (2/15)

Altars:


Innate Abilities, Weirdness & Mutations

Your flesh is heat resistant. (rF+)
When hurt, damage is shared between your health and your magic reserves.


Message History

You kill the ball python!
You barely miss the sky beast.
The sky beast hits you but does no damage.
You miss the sky beast.
The sky beast flickers out of sight!
Deactivating autopickup; reactivate with Ctrl-A.
Something hits you. Something shocks you. Something hits you.
* * * LOW HITPOINT WARNING * * *
Something shocks you.
* * * LOW HITPOINT WARNING * * *
A sky beast appears from thin air!
Reactivating autopickup.
As you open the door, it creaks loudly!
You hear an angry hiss.
The sky beast flickers out of sight!
Deactivating autopickup; reactivate with Ctrl-A.
Something hits you.
* * * LOW HITPOINT WARNING * * *
Something shocks you.
You die... "I guess I need a new plaything now."

###..#..#......#.# .#
.................# ..
............####.##.#
###.#...#...# #...#.#
...........# #...#.## ..
........#.#.# #...#..# ....
#.#.....#.#.# #...#..##....
......... .....#'#......(..
......#.#.#..#.#@#.........
. .. ........#..{..........
#......§.......##
##..##.#w........ #..
#.#†).......
##..##.#.........
.......†...#.####
.#..##)#...#.# #.....# #


You could see a worm.

Vanquished Creatures
  Robin (D:2)
  2 adders (D:2)
  A worm (D:2)
  3 giant cockroaches
  12 goblins
  8 hobgoblins
  A ball python (D:2)
  4 bats
  2 frilled lizards (D:2)
  4 kobolds
  7 rats
45 creatures vanquished.

Notes
Turn   | Place    | Note
-------+----------+-------------------------------------------
     0 | D:1      | Pendragon the Demonspawn Chaos Knight began the quest for
                  | the Orb.
     0 | D:1      | Reached XP level 1. HP: 18/18 MP: 1/1
   704 | D:1      | XOM is BORED!
   761 | D:1      | Reached skill level 1 in Dodging
   811 | D:1      | XOM: noise
  1096 | D:1      | Gained mutation: When hurt, damage is shared between your
                  | health and your magic reserves. [demonic ancestry]
  1096 | D:1      | Reached XP level 2. HP: 21/24 MP: 2/2
  1140 | D:1      | XOM: noise
  1148 | D:1      | XOM: silly message
  1281 | D:1      | XOM: cloud trail
  1607 | D:2      | XOM: silly message
  1687 | D:2      | XOM: silly message
  1697 | D:2      | Gained mutation: Your flesh is heat resistant. (rF+)
                  | [demonic ancestry]
  1697 | D:2      | Reached XP level 3. HP: 24/29 MP: 1/3
  1765 | D:2      | Noticed Robin
  1795 | D:2      | XOM: enchant monster (bad)
  1810 | D:2      | Killed Robin
  2082 | D:2      | XOM: silly message
  2135 | D:2      | Reached XP level 4. HP: 29/35 MP: 4/4
  2138 | D:2      | Noticed a sky beast
  2162 | D:2      | Slain by a sky beast

Illustrated notes

Levels and vault maps discovered:
D:1:      dpeg_arrival_yet_another_circle, layout_basic
D:2:      layout_basic, minmay_pentomino_x2, uniq_robin

Skill      XL: |  1  2 |
---------------+-------+-----
Dodging        | 1 |  1.4
Long Blades    | 3 |  3.7
Armour         | 2 |  2.3
Fighting       | |  3.3
Stealth        | |  0.6

Action                   |  1- 3 |  4- 6 || total
-------------------------+-------+-------++-------
Melee: Falchion          |   127 |    15 ||   142
  Use: Potion            |     3 |       ||     3
       Scroll            |     1 |       ||     1
 Stab: Paralysed         |     1 |       ||     1
Armor: Leather armour    |    67 |       ||    67
       Ring mail         |     1 |    18 ||    19
Dodge: Dodged            |    64 |    16 ||    80
       Rpst.: Falchion   |    25 |     1 ||    26
